 Dungeon Crawl Stone Soup version 0.30.1-4-g462c640d31 (webtiles) character file.

Game seed: 4064990200400514510

266 safid the Chiller (level 6, -14/47 HPs)
             Began as a Merfolk Ice Elementalist on Sept 14, 2023.
             Demolished by an ogre
             ... wielding a +0 giant spiked club
              (31 damage)
             ... on level 4 of the Dungeon.
             The game lasted 00:04:36 (2594 turns).

safid the Chiller (Merfolk Ice Elementalist)        Turns: 2594, Time: 00:04:37

Health: -14/47     AC: 10    Str: 21    XL:     6   Next: 20%
Magic:  0/11       EV: 12    Int: 16    God:
Gold:   133        SH:  0    Dex: 14    Spells: 5/12 levels left

rFire   . . .        o - +3 flail of Valour {venom, rN+}
rCold   . . .        (no shield)
rNeg    + . .        a - +0 robe
rPois   .            (no helmet)
rElec   .            (no cloak)
rCorr   .            r - +0 pair of gloves
SInv    .            d - +0 pair of boots
Will    .....        w - amulet of guardian spirit
Stlth   ++           e - +6 ring of strength
HPRegen 0.27/turn    j - +6 ring of strength
MPRegen 0.12/turn

%: guardian spirit
@: ice-armoured, freezing walls
A: (nimble swimmer 2), mertail
a: no special abilities


You were on level 4 of the Dungeon.
You visited 1 branch of the dungeon, and saw 4 of its levels.

You collected 133 gold pieces.

Inventory:

Hand Weapons
 o - the +3 flail of Valour (weapon) {venom, rN+}
   (You found it on level 3 of the Dungeon)

   rN:        It protects you from negative energy.
Armour
 a - a +0 robe (worn)
 d - a +0 pair of boots (worn)
 r - a +0 pair of gloves (worn)
Jewellery
 e - a +6 ring of strength (left hand)
 j - a +6 ring of strength (right hand)
 w - an amulet of guardian spirit (around neck)
Scrolls
 f - 5 scrolls of identify {unknown}
 g - a scroll of magic mapping {unknown}
 n - 2 scrolls of enchant armour {unknown}
 p - a scroll of butterflies {unknown}
 u - 3 scrolls of amnesia {unknown}
 v - a scroll of enchant weapon {unknown}
Potions
 b - a potion of magic
 c - a potion of lignification {unknown}
 h - 2 potions of might {unknown}
 i - a potion of heal wounds {unknown}
 l - a potion of degeneration {unknown}
 m - 2 potions of haste {unknown}
 q - a potion of brilliance {unknown}
 t - a potion of curing {unknown}


   Skills:
 + Level 3.5 Fighting
 - Level 2.6 Dodging
 - Level 2.1 Stealth
 + Level 3.7 Spellcasting
 + Level 5.8 Ice Magic


You had 5 spell levels left.
You knew the following spells:

 Your Spells              Type           Power      Damage    Failure   Level
a - Freeze                Ice            84%        1d9       1%          1
b - Frozen Ramparts       Ice            42%        1d7       4%          3
c - Ozocubu's Armour      Ice            21%        N/A       4%          3

Your spell library contained the following spells:

 Spells                   Type           Power      Damage    Failure   Level
 Summon Ice Beast         Ice/Summ       12%        N/A       45%         4


Dungeon Overview and Level Annotations

Branches:
Dungeon (4/15)
 Temple: D:4-7

Altars:
Gozag
The Shining One


Innate Abilities, Weirdness & Mutations

((You are very nimble when in or above water. (Stealth+, EV+, Speed+++)))
Your lower body shifts to a powerful aquatic tail in water.


Message History

The ufetubus hits you.
The ufetubus hits you but does no damage.
You kill the ufetubus!
Casting: Ozocubu's Armour (dangerous; 4% risk of failure)
Confirm with . or Enter, or press ? or * to list all spells.
Casting: Frozen Ramparts (dangerous; 4% risk of failure)
Press: ? - help, Dir - look around, f - activate The walls around you are covered in ice.
The wall freezes the hound.
The wall freezes the ogre.
The ogre closely misses you.
Unknown command.
Casting: Frozen Ramparts (dangerous; 4% risk of failure)
Confirm with . or Enter, or press ? or * to list all spells.
A film of ice covers your body!
The wall freezes the hound but does no damage.
The hound barely misses you.
The wall freezes the goblin.
The wall freezes the hound but does no damage.
The hound misses you.
The wall freezes the ogre.
The ogre hits you with a +0 giant spiked club!
The wall freezes the hound.
The hound barely misses you.
Unknown command.
You sock the hound!
The hound looks as sick as possible!
The hound is severely wounded.
The wall freezes the hound but does no damage.
The hound closely misses you.
The wall freezes the ogre but does no damage.
The ogre closely misses you.
The wall freezes the hound.
You kill the hound!
You closely miss the ogre.
The ogre is moderately wounded.
The goblin barely misses you.
The wall freezes the ogre.
The ogre hits you with a +0 giant spiked club!
Unknown command.
You sock the ogre!
The ogre is severely wounded.
The goblin barely misses you. The goblin hits you but does no damage.
The wall freezes the ogre.
The ogre hits you with a +0 giant spiked club!!
Ouch! That really hurt!
You die...

...#.## #^#(#..#
...##.####'#"#P.## ####
.#.......#...'...## #..
.#.......#..†#P...# #.#
.........#...#..#.####.####O
.........#####..............
##.......##............##.#.#.
#)............g.O............
#.......#####..@#######......
######### ##### .⌠... .... ...
.. #


You could see an ogre and a goblin.

Vanquished Creatures
  3 hounds (D:4)
  A sleepcap (D:3)
  6 adders
  A gnoll (D:4)
  A white imp (D:4)
  An ufetubus (D:4)
  A worm (D:2)
  A dart slug (D:1)
  An orc (D:4)
  8 ball pythons
  6 endoplasms
  5 giant cockroaches
  4 goblins
  6 hobgoblins
  3 jackals (D:1)
  8 kobolds
  2 quokkas
  2 bats (D:3)
  2 frilled lizards
  4 rats
66 creatures vanquished.

Notes
Turn   | Place    | Note
-------+----------+-------------------------------------------
     0 | D:1      | safid the Merfolk Ice Elementalist began the quest for the
                  | Orb.
     0 | D:1      | Reached XP level 1. HP: 13/13 MP: 3/3
    84 | D:1      | Reached XP level 2. HP: 3/20 MP: 0/5
    91 | D:1      | Reached skill level 1 in Fighting
   538 | D:1      | Reached XP level 3. HP: 26/26 MP: 6/6
   542 | D:1      | Learned a level 3 spell: Frozen Ramparts
  1367 | D:2      | Reached skill level 5 in Ice Magic
  1367 | D:2      | Reached XP level 4. HP: 32/33 MP: 6/8
  1664 | D:2      | Learned a level 3 spell: Ozocubu's Armour
  1746 | D:3      | Identified the +0 ring mail "Eqepnyun" {rN+}
  1807 | D:3      | Identified the +3 flail of Valour {venom, rN+}
  2014 | D:3      | Reached XP level 5. HP: 39/39 MP: 9/9
  2202 | D:3      | Found a glowing golden altar of the Shining One.
  2332 | D:3      | Found an opulent altar of Gozag.
  2576 | D:4      | Noticed an ogre
  2583 | D:4      | Reached XP level 6. HP: 43/47 MP: 11/11
  2594 | D:4      | Demolished by an ogre

Illustrated notes

Levels and vault maps discovered:
D:1:      sevenhm_arrival_forest_fort_small_3, layout_loops_ring, minmay_3d_cube
D:2:      layout_rooms
D:3:      layout_basic, marbit_many_paths, nicolae_tso_swordbearing_angel
D:4:      layout_loops_ring, serial_demonic, serial_demonic_e, serial_demonic_d,
          serial_demonic_e, serial_demonic_d, serial_demonic_c,
          serial_demonic_b, serial_demonic_e, serial_demonic_a,
          cheibrodos_gnoll_hut

Skill      XL: |  1  2  3  4  5 |
---------------+----------------+-----
Fighting       | 1 2 3 |  3.5
Ice Magic      | 5 |  5.8
Spellcasting   | 3 |  3.7
Dodging        | |  2.6
Stealth        | |  2.1

Action                     |  1- 3 |  4- 6 || total
---------------------------+-------+-------++-------
  Melee: Dagger            |    52 |    19 ||    71
         Unarmed           |     4 |       ||     4
         Punch             |     1 |       ||     1
         Flail             |       |    39 ||    39
   Cast: Freeze            |    39 |    15 ||    54
         Frozen Ramparts   |       |     4 ||     4
         Ozocubu's Armour  |       |     1 ||     1
   Stab: Sleeping          |     5 |     2 ||     7
 Armour: Robe              |    15 |    24 ||    39
  Dodge: Dodged            |    50 |    79 ||   129
  Block: Other             |     4 |    14 ||    18
